Map: Golden Wall LE

Players

Silky - Winner!

  • Race: Zerg Zerg
  • Spawn Location: 7:00

DisK

  • Race: Protoss Protoss
  • League: Grandmaster
  • Spawn Location: 5:00

Event: DreamHack SC2 Masters 2020 Fall

VOD

Have the link to the VOD?

Description

Time

  • Played on: Sept. 2, 2020, 4:29 p.m.
  • Length: 15:40

All games in this series

Show
View Real Time Build Order
Export as new Build Order

Silky Zerg - Winner!

Build Orders: Hatch First, Lurkers, Roach Hydra 

Get SALT Encoding   

  12  0:00  Drone  
  13  0:12  Overlord  
  13  0:17  Drone  
  14  0:31  Drone x2  
  16  0:49  Hatchery  
  15  0:52  Drone  
  15  0:56  Drone  
  17  0:59  Drone  
  18  1:09  Extractor  
  17  1:15  Spawning Pool  
  17  1:18  Drone  
  17  1:21  Drone  
  18  1:28  Drone  
  19  1:38  Drone  
  20  1:48  Overlord  
  20  2:01  Queen  
  20  2:02  Queen, Zergling x4  
  26  2:10  Drone  
  26  2:12  Drone  
  26  2:14  Metabolic Boost  
  30  2:22  Drone x2  
  30  2:32  Drone  
  30  2:36  Drone  
  32  2:43  Hatchery  
  31  2:47  Overlord  
  31  2:53  Queen  
  31  2:56  Drone  
  34  2:59  Drone  
  34  3:03  Drone  
  36  3:07  Drone x2  
  36  3:10  Overlord  
  38  3:14  Drone  
  38  3:15  Drone  
  38  3:17  Drone  
  41  3:20  Drone  
  41  3:26  Overlord  
  41  3:28  Drone  
  41  3:30  Queen  
  44  3:37  Drone  
  44  3:40  Spore Crawler  
  44  3:41  Drone  
  44  3:45  Drone x3  
  44  3:48  Overlord  
  48  3:53  Drone  
  49  3:55  Queen  
  49  3:56  Overlord  
  49  4:00  Drone  
  52  4:02  Pneumatized Carapace  
  52  4:04  Drone  
  52  4:08  Spore Crawler  
  52  4:09  Drone  
  53  4:13  Drone x2  
  53  4:16  Zergling x4  
  57  4:17  Zergling x2  
  57  4:23  Roach Warren  
  57  4:24  Drone  
  57  4:25  Drone  
  57  4:27  Drone  
  57  4:31  Overlord  
  58  4:36  Drone x3  
  58  4:37  Drone  
  62  4:42  Drone x2  
  62  4:43  Drone  
  62  4:45  Extractor  
  64  4:46  Extractor  
  64  4:47  Overlord  
  64  4:51  Zergling x6  
  66  4:54  Lair  
  66  4:56  Drone  
  66  4:58  Drone  
  68  5:00  Overlord  
  68  5:02  Drone  
  68  5:03  Drone  
  70  5:09  Queen  
  70  5:10  Spore Crawler  
  70  5:12  Drone x3  
  74  5:15  Drone x2  
  74  5:16  Drone  
  74  5:19  Queen  
  79  5:24  Spore Crawler  
  79  5:25  Spore Crawler  
  79  5:26  Zergling x4  
  79  5:30  Overlord  
  79  5:31  Drone x2  
  81  5:40  Drone x5  
  81  5:41  Drone  
  86  5:45  Spore Crawler  
  86  5:46  Drone x2  
  87  5:54  Drone x2  
  86  5:57  Drone x4  
  86  5:58  Drone, Overseer  
  86  5:59  Spire  
  86  6:03  Drone  
  86  6:04  Drone x2  
  89  6:08  Drone  
  90  6:11  Extractor  
  90  6:13  Drone  
  90  6:16  Hydralisk Den  
  90  6:17  Drone x2  
  90  6:18  Extractor  
  90  6:19  Extractor  
  89  6:26  Overlord x2  
  89  6:32  Drone x2  
  90  6:40  Overlord  
  90  6:41  Overlord  
  90  6:45  Hatchery  
  89  6:47  Grooved Spines, Hydralisk  
  89  6:48  Evolution Chamber, Hydralisk x5  
  89  6:52  Drone x2  
  102  6:55  Roach  
  102  6:59  Hydralisk  
  102  7:00  Hydralisk x3  
  112  7:03  Overlord  
  112  7:07  Drone x2  
  114  7:09  Glial Reconstitution  
  114  7:11  Hydralisk x2  
  118  7:18  Drone x2  
  118  7:21  Drone x2  
  122  7:25  Zerg Missile Weapons Level 1  
  122  7:27  Infestation Pit  
  122  7:29  Overlord  
  120  7:32  Roach x2  
  120  7:33  Roach x2  
  120  7:35  Overseer  
  128  7:38  Drone  
  129  7:47  Overlord x6  
  129  7:53  Drone  
  130  7:59  Drone x2, Roach x2, Spore Crawler  
  130  8:00  Roach x2  
  130  8:04  Hive  
  139  8:06  Muscular Augments  
  139  8:09  Drone x2  
  139  8:10  Evolution Chamber  
  139  8:11  Drone x2  
  138  8:14  Drone x2  
  138  8:19  Drone x3  
  140  8:20  Drone x2  
  140  8:22  Spore Crawler  
  140  8:23  Drone  
  140  8:25  Drone x2  
  144  8:29  Drone  
  144  8:31  Drone x2  
  144  8:33  Extractor  
  146  8:35  Hydralisk, Extractor  
  146  8:40  Zerg Ground Armor Level 1  
  147  8:42  Roach x3, Lurker Den  
  147  8:43  Roach  
  147  8:48  Roach x2, Spine Crawler  
  157  8:52  Roach x2  
  161  8:58  Roach x5  
  171  9:08  Roach  
  171  9:09  Roach x6  
  184  9:14  Overseer  
  183  9:21  Overlord x2  
  183  9:22  Roach x5  
  183  9:23  Zerg Missile Weapons Level 2  
  189  9:24  Overlord  
  189  9:26  Hydralisk x4  
  189  9:27  Overlord  
  189  9:29  Overlord  
  182  9:32  Overlord x2  
  176  9:42  Seismic Spines, Overlord  
  176  9:44  Lurker x4  
  176  9:57  Overseer  
  174  10:00  Hydralisk x8  
  174  10:01  Hydralisk x3  
  180  10:09  Hydralisk x4  
  180  10:10  Hydralisk  
  184  10:14  Lurker  
  184  10:15  Lurker x2  
  177  10:21  Hatchery  
  177  10:25  Hydralisk x3  
  177  10:26  Hydralisk  
  169  10:31  Roach x4  
  169  10:35  Roach x3  
  169  10:39  Zerg Ground Armor Level 2, Adaptive Talons  
  169  10:42  Roach x2  
  169  10:49  Drone x4  
  166  10:50  Drone x2  
  166  10:52  Lurker x3  
  166  10:53  Lurker  
  166  10:57  Lurker  
  170  11:07  Lurker x2  
  170  11:09  Lurker, Zergling x2  
  170  11:10  Zergling x12  
  180  11:14  Overlord  
  180  11:19  Viper  
  180  11:23  Hatchery  
  182  11:29  Lurker x2  
  182  11:31  Overseer  
  182  11:32  Zergling x2  
  185  11:33  Zergling x26  
  180  11:49  Roach x5  
  180  11:50  Roach x8  
  196  11:56  Overlord  
  196  11:57  Roach  
  196  11:58  Roach  
  200  12:05  Lurker x2  
  190  12:19  Roach  
  190  12:20  Roach x13  
  170  12:32  Roach x9  
  170  12:36  Overlord  
  172  12:40  Hydralisk  
  172  12:41  Hydralisk x3  
  167  12:51  Hydralisk  
  167  12:52  Hydralisk x3  
  165  13:00  Drone  
  165  13:01  Drone  
  165  13:05  Hydralisk x3  
  161  13:11  Extractor  
  161  13:12  Drone x4  
  166  13:13  Drone x2  
  166  13:15  Extractor  
  165  13:23  Hydralisk x4  
  173  13:34  Hydralisk x4  
  159  13:40  Lurker  
  159  13:41  Lurker, Spore Crawler  
  164  13:42  Lurker x2  
  161  13:51  Hydralisk x5  
  160  13:56  Hydralisk x2  
  162  14:09  Hydralisk x5  
  160  14:22  Roach x9  
  164  14:30  Hydralisk  
  164  14:31  Hydralisk  
  145  14:39  Drone x4  
  145  14:40  Hydralisk  
  145  14:41  Hydralisk x2  
  155  14:46  Lurker  
  155  14:47  Lurker x3  
  155  14:49  Hydralisk  
  161  14:55  Lurker  
  161  14:58  Roach  
  161  14:59  Roach x4  
  172  15:03  Zergling x2  
  172  15:04  Zergling x16  
  181  15:07  Drone x3  
Show
View Real Time Build Order
Export as new Build Order

DisK Protoss 

Build Orders: 1 Gate Expand, Oracle Opening, Phoenix Opening 

Get SALT Encoding   

  12  0:00  Probe  
  13  0:12  Probe  
  14  0:19  Pylon  
  14  0:24  Probe  
  15  0:37  Probe (Chrono Boost)  
  15  0:41  Gateway  
  16  0:47  Assimilator, Probe (Chrono Boost)  
  17  0:52  Probe (Chrono Boost)  
  18  1:04  Probe  
  19  1:16  Probe  
  20  1:24  Nexus  
  20  1:34  Cybernetics Core  
  20  1:42  Probe  
  20  1:44  Assimilator  
  21  1:54  Probe (Chrono Boost)  
  21  1:56  Pylon  
  22  2:06  Probe (Chrono Boost)  
  23  2:11  Adept (Chrono Boost)  
  23  2:14  Probe (Chrono Boost)  
  26  2:18  Stargate  
  26  2:21  Probe  
  27  2:25  Warp Gate  
  27  2:36  Adept, Probe (Chrono Boost)  
  30  2:38  Probe (Chrono Boost)  
  31  2:48  Probe (Chrono Boost)  
  31  2:49  Probe (Chrono Boost)  
  33  2:52  Probe (Chrono Boost)  
  33  2:57  Probe  
  35  3:03  Phoenix  
  35  3:05  Probe  
  38  3:09  Probe  
  38  3:12  Gateway  
  39  3:17  Probe  
  40  3:21  Probe, Pylon  
  41  3:29  Probe  
  41  3:31  Oracle (Chrono Boost)  
  41  3:34  Probe  
  46  3:38  Assimilator  
  46  3:41  Probe  
  46  3:42  Assimilator  
  46  3:46  Probe  
  48  3:54  Probe  
  49  3:58  Stargate  
  49  3:59  Probe (Chrono Boost)  
  49  4:00  Pylon  
  49  4:02  Phoenix  
  50  4:06  Probe (Chrono Boost)  
  53  4:15  Probe (Chrono Boost)  
  54  4:17  Probe (Chrono Boost), Pylon  
  54  4:19  Zealot  
  54  4:22  Probe  
  58  4:25  Probe  
  58  4:29  Phoenix (Chrono Boost)  
  61  4:34  Probe  
  62  4:39  Shield Battery, Probe  
  62  4:41  Pylon  
  65  4:45  Phoenix (Chrono Boost)  
  65  4:46  Probe  
  66  4:55  Phoenix  
  68  5:03  Probe  
  68  5:05  Robotics Facility  
  69  5:08  Phoenix  
  69  5:10  Probe  
  69  5:12  Adept x2  
  76  5:15  Probe  
  76  5:19  Pylon  
  77  5:29  Nexus  
  77  5:31  Pylon  
  77  5:37  Phoenix  
  79  5:44  Sentry x2  
  83  5:50  Twilight Council, Probe  
  83  5:52  Forge  
  84  5:59  Probe (Chrono Boost)  
  81  6:05  Probe (Chrono Boost)  
  81  6:08  Immortal  
  82  6:15  Probe x2 (Chrono Boost)  
  82  6:16  Sentry  
  82  6:17  Zealot  
  88  6:19  Shield Battery, Protoss Ground Weapons Level 1 (Chrono Boost)  
  88  6:20  Probe x2 (Chrono Boost)  
  88  6:22  Pylon  
  90  6:27  Charge  
  90  6:34  Gateway  
  90  6:35  Gateway  
  90  6:37  Probe x2  
  92  6:41  Stalker  
  92  6:42  Stalker  
  92  6:46  Probe  
  95  6:49  Probe  
  95  6:53  Assimilator  
  95  6:54  Assimilator  
  96  6:58  Gateway  
  96  6:59  Gateway  
  96  7:07  Sentry x2  
  100  7:09  Probe x2  
  100  7:11  Probe  
  103  7:17  Templar Archives  
  103  7:18  Immortal (Chrono Boost), Pylon  
  103  7:21  Probe  
  108  7:29  Gateway  
  109  7:30  Probe x2  
  109  7:33  Gateway, Probe  
  111  7:38  Psionic Storm  
  111  7:40  Pylon  
  111  7:43  Pylon  
  111  7:59  Nexus  
  111  8:01  High Templar x3  
  111  8:02  High Templar  
  111  8:04  Zealot x2  
  123  8:06  Protoss Ground Weapons Level 2 (Chrono Boost)  
  123  8:07  Probe  
  123  8:08  Probe  
  125  8:17  Blink  
  125  8:20  Pylon  
  125  8:22  Pylon  
  125  8:30  Gateway  
  125  8:31  Gateway  
  125  8:38  Photon Cannon  
  125  8:40  Observer (Chrono Boost), Photon Cannon  
  126  8:41  High Templar  
  126  8:42  Zealot x3, High Templar  
  126  8:44  Photon Cannon  
  126  8:46  Archon  
  126  8:47  Shield Battery, Photon Cannon  
  136  8:51  Shield Battery  
  136  9:08  Zealot x2, High Templar x2  
  144  9:15  Assimilator  
  144  9:17  Stalker x3  
  144  9:18  Stalker  
  144  9:20  Assimilator  
  138  9:42  Immortal  
  138  9:43  Zealot x6  
  138  9:44  Zealot x4  
  158  9:54  Archon  
  156  10:06  Zealot x4  
  156  10:07  Zealot x5  
  160  10:12  Zealot  
  159  10:19  Probe x2  
  159  10:20  Probe  
  159  10:21  Immortal  
  146  10:28  Probe  
  146  10:31  Probe  
  146  10:32  Probe x2  
  140  10:40  Probe  
  140  10:42  High Templar x9  
  155  10:44  Probe x3  
  152  10:52  Probe  
  152  10:56  Zealot  
  155  10:58  Archon x4  
  155  11:02  Protoss Ground Weapons Level 3  
  155  11:18  Observer (Chrono Boost)  
  156  11:21  Zealot x5  
  156  11:24  Zealot x3  
  172  11:27  Nexus, Pylon  
  172  11:28  Pylon x2  
  142  11:56  Zealot x8  
  142  11:57  Zealot x2  
  136  12:21  Zealot x10  
  135  12:33  Archon x2  
  103  12:46  Immortal  
  103  12:47  High Templar x10  
  115  13:02  Archon  
  115  13:03  Archon x4  
  115  13:05  Pylon  
  105  13:20  Zealot x7  
  105  13:21  Zealot  
  105  13:25  Immortal  
  124  13:31  Void Ray (Chrono Boost)  
  124  13:32  Void Ray (Chrono Boost)  
  117  13:36  Zealot  
  123  13:44  Zealot x2  
  123  13:45  Zealot  
  124  13:53  Zealot x4  
  118  13:56  Zealot  
  100  14:11  Zealot x3  
  100  14:12  Zealot x2  
  92  14:26  Zealot  
  92  14:27  Zealot x2  
  92  14:30  Probe  
  92  14:31  Probe x2  
  93  14:33  Probe  
  93  14:35  High Templar  
  93  14:36  High Templar x4  
  102  14:42  Archon x2  
  102  14:43  Probe x2  
  104  14:47  High Templar x3  
  104  14:50  Photon Cannon  
  109  14:56  Observer (Chrono Boost)  
  108  15:10  High Templar x4  
  123  15:17  Archon x2  

Tags
 
Add a new tag
Caveats
  • Supply blocks, unpowered buildings, or Contaminate may cause inaccurate times.
  • Supply counts are checked every 10 seconds.